 Dungeon Crawl Stone Soup version 0.22-a0-300-g82e80c5 (webtiles) character file.

110 b5mith the Slasher (level 5, 0/42 HPs)
             Began as a Human Berserker on Mar 25, 2018.
             Was a Believer of Trog.
             Succumbed to a kobold's poison
             ... on level 3 of the Dungeon.
             The game lasted 00:04:50 (2016 turns).

b5mith the Slasher (Human Berserker)                Turns: 2016, Time: 00:04:50

Health: 0/42       AC:  9    Str: 18    XL:     5   Next: 14%
Magic:  5/5        EV: 23    Int:  7    God:    Trog [**....]
Gold:   79         SH:  0    Dex: 13    Spells: 4/4 levels left

rFire    . . .     SeeInvis .   a - +0 falchion
rCold    . . .     Gourm    .   (no shield)
rNeg     . . .     Faith    .   o - +0 chain mail
rPois    .         Spirit   .   (no helmet)
rElec    .         Reflect  .   (no cloak)
rCorr    .         Harm     .   (no gloves)
MR       .....                  (no boots)
Stlth    ..........             g - amulet of the acrobat
HPRegen  0.14/turn              (no ring)
MPRegen  0.09/turn              (no ring)

@: lethally poisoned (0 -> -1), berserk cooldown, slowed, very slow
A: no striking features
a: Berserk, Trog's Hand, Renounce Religion


You were on level 3 of the Dungeon.
You worshipped Trog.
Trog was pleased with you.
You were hungry.

You visited 1 branch of the dungeon, and saw 3 of its levels.

You collected 79 gold pieces.

Inventory:

Hand Weapons
 a - a +0 falchion (weapon)
Missiles
 h - 82 stones (quivered)
Armour
 b - a +0 animal skin
 o - a +0 chain mail (worn)
Jewellery
 g - an amulet of the acrobat (around neck)
Scrolls
 e - 2 scrolls of enchant armour {unknown}
 j - a scroll of fear {unknown}
 k - 2 scrolls of remove curse {unknown}
 m - a scroll of teleportation {unknown}
 p - a scroll of identify {unknown}
Potions
 f - a potion of curing {unknown}
 i - a potion of flight {unknown}
 l - a potion of agility {unknown}
 n - a potion of heal wounds {unknown}
Comestibles
 c - 3 rations
 d - a chunk of flesh


   Skills:
 + Level 3.7 Fighting
 + Level 3.7 Long Blades
 + Level 3.0 Armour
 + Level 2.9 Dodging


You had 4 spell levels left.
You didn't know any spells.

Dungeon Overview and Level Annotations

Branches:
Dungeon (3/15)

Altars:

Annotations:
D:3 Caerwyn's ghost, amateur TrBe


Message History

Caerwyn's ghost is moderately damaged.
Your chain mail prevents you from hitting Caerwyn's ghost.
Caerwyn's ghost is moderately damaged.
You feel sick. Caerwyn's ghost hits you.
* * * LOW HITPOINT WARNING * * *
You hit Caerwyn's ghost.
Caerwyn's ghost is heavily damaged.
Caerwyn's ghost hits you.
* * * LOW HITPOINT WARNING * * *
You slash Caerwyn's ghost!
Caerwyn's ghost is severely damaged.
Caerwyn's ghost hits you!
* * * LOW HITPOINT WARNING * * *
You feel a strong urge to attack something.
You see here a poisoned needle.
You are no longer berserk.
You are exhausted.
You feel yourself slow down.
You are feeling hungry.
You die...

#.#.#.######.###.......
#......................
#.###.#.##.###....<........
............##......#####.#
#...................# .#
.#####.##..#.#######
#.##..#.# #.##..#.#
#.#####.##@.#.####
#....((W.(..)....#
.......(##..#.##.#
##########..#.# ....#.#
###.##.# #.# .# ..# .# #.#
.#


You could see Caerwyn's ghost.

Vanquished Creatures
  Jessica (D:2)
  2 adders
  2 worms (D:2)
  5 dart slugs (D:1)
  2 leopard geckos
  10 bats
  2 giant cockroaches
  6 hobgoblins
  A quokka (D:2)
  2 frilled lizards
  5 goblins
  10 kobolds
  3 rats (D:1)
51 creatures vanquished.

Notes
Turn   | Place    | Note
-------+----------+-------------------------------------------
     0 | D:1      | b5mith the Human Berserker began the quest for the Orb.
     0 | D:1      | Reached XP level 1. HP: 18/18 MP: 1/1
   204 | D:1      | Reached XP level 2. HP: 24/24 MP: 2/2
   359 | D:1      | Reached XP level 3. HP: 29/29 MP: 3/3
  1108 | D:2      | Noticed Jessica
  1114 | D:2      | Killed Jessica
  1114 | D:2      | Reached XP level 4. HP: 28/35 MP: 4/4
  1544 | D:2      | Reached ** piety under Trog
  1773 | D:2      | Reached XP level 5. HP: 37/41 MP: 5/5
  2001 | D:3      | Noticed Caerwyn's ghost (amateur TrBe)
  2013 | D:3      | HP: 1/63 [Caerwyn's ghost (9)]
  2016 | D:3      | Succumbed to a kobold's poison

Vault maps used:
D:1:      eino_arrival_cavern_b, corner_web_ring, st_stairs_14,
          minmay_stone_trees_small
D:2:      uniq_jessica
D:3:      cheibriados_altar_1

Skill      XL: |  1  2  3  4  5 |
---------------+----------------+-----
Armour         | 3 |  3.0
Fighting       | |  3.7
Long Blades    | |  3.7
Dodging        | |  2.9

Action                   |  1- 3 |  4- 6 || total
-------------------------+-------+-------++-------
Melee: Falchion          |    78 |    75 ||   153
Invok: Berserk           |     1 |     1 ||     2
  Eat: Chunk             |     1 |     4 ||     5
Armor: Animal skin       |    10 |     9 ||    19
       Chain mail        |       |    13 ||    13
Dodge: Dodged            |    53 |    58 ||   111
       Rpst.: Falchion   |    14 |    18 ||    32

Table legend:
 A = Spawn XP
 B = Non-spawn XP
 C = Spawn XP percentage of total XP
 D = Spawn monster count
 E = Non-spawn monster count
 F = Spawn count percentage of total count
 G = Total turns spent on level
                    A         B        C        D         E        F      G
               +---------+---------+-------+---------+---------+-------+---------
         Total |       0 |     158 |   0.0 |       0 |      51 |   0.0 |  2016
               +---------+---------+-------+---------+---------+-------+---------
           D:1 |       0 |      55 |   0.0 |       0 |      28 |   0.0 |  1089
           D:2 |       0 |      85 |   0.0 |       0 |      19 |   0.0 |   855
           D:3 |       0 |      18 |   0.0 |       0 |       4 |   0.0 |    72
               +---------+---------+-------+---------+---------+-------+---------
